 Dungeon Crawl Stone Soup version 0.17-a0-1961-g3c2807a (webtiles) character file.

501 Geeful the Ruffian (level 7, 0/44 HPs)
             Began as a Gargoyle Wanderer on Oct 4, 2015.
             Was a Follower of Qazlal.
             Killed from afar by an orc wizard (10 damage)
             ... with a magic dart
             ... on level 4 of the Dungeon.
             The game lasted 00:08:34 (3077 turns).

Geeful the Ruffian (Gargoyle Wanderer)              Turns: 3077, Time: 00:08:34

Health: 0/44       AC: 12    Str: 20    XL:     7   Next: 17%
Magic:  7/7        EV:  9    Int: 12    God:    Qazlal [*.....]
Gold:   143        SH:  1    Dex:  7    Spells: 0 memorised, 6 levels left

rFire  . . .     SeeInvis .       - Unarmed
rCold  . . .     Clarity  .     m - +0 scale mail
rNeg   + . .     SustAt   .     (no shield)
rPois  ∞         Gourm    .     (no helmet)
rElec  +         Spirit   .     l - +0 cloak
rCorr  .         Warding  .     (no gloves)
rMut   .         Stasis   .     (no boots)
MR     .....                    (no amulet)
Stlth  ..........               (no ring)
                                (no ring)

@: not resistant to hostile enchantments, extremely unstealthy
A: negative energy resistance 1, electricity resistance, unbreathing,
petrification resistance, rot immunity, AC +4
a: Renounce Religion


You were on level 4 of the Dungeon.
You worshipped Qazlal.
Qazlal was aware of your devotion.
You were not hungry.

You visited 1 branch of the dungeon, and saw 4 of its levels.

You collected 143 gold pieces.

Inventory:

Armour
 e - a +0 ring mail
 l - a +0 cloak (worn)
 m - a +0 scale mail (worn)
Jewellery
 a - an uncursed ring of teleportation
Scrolls
 b - a scroll of fear
 h - a scroll of identify {unknown}
 i - a scroll of noise {unknown}
 k - a scroll of remove curse
 o - a scroll of fog {unknown}
 p - a scroll of teleportation {unknown}
 q - 2 scrolls of amnesia {unknown}
Potions
 g - a potion of flight
Comestibles
 c - a meat ration
 d - a beef jerky
 f - 4 bread rations
 n - a slice of pizza


   Skills:
 - Level 4.3 Fighting
   Level 1.0 Crossbows
 - Level 3.2 Armour
 - Level 2.1 Stealth
 + Level 7.2 Unarmed Combat


You had 6 spell levels left.
You didn't know any spells.

Dungeon Overview and Level Annotations

Branches:
Dungeon (4/15)
 Temple: D:4-7

Altars:
Cheibriados
Makhleb
Qazlal
Sif Muna
Trog
Yredelemnul


Innate Abilities, Weirdness & Mutations

You are resistant to torment.
Your stone body is resilient (AC +4).
You are immune to poison.
You resist negative energy.
You are resistant to electric shocks.
You can survive without breathing.
You are immune to petrification.
You are immune to rotting.


Message History

* * * LOW HITPOINT WARNING * * *
You hit the orc wizard but do no damage.
The orc wizard is almost dead.
The orc wizard gestures wildly while chanting.
The orc wizard blinks!
The orc wizard hits you but does no damage.
You hit the orc wizard.
The orc wizard is heavily wounded.
The orc closely misses you. The orc wizard completely misses you.
You miss the orc wizard.
The orc wizard is heavily wounded.
The orc wizard mumbles some strange words.
The orc wizard seems to speed up.
The orc hits you but does no damage.
You hit the orc wizard but do no damage.
The orc wizard is heavily wounded.
You hit the orc wizard.
The orc wizard is almost dead.
The orc wizard casts a spell at you. The magic dart hits you!
You die...

#.###...... #### ##.#
##..... ###..### #..#
##.... #......###.###
##...
#.......#....######..
#....................
##.............######
##..§....######
##o@o.....# .##
####ooo.......#
....#######..o.##.......#
.....o...)..######......#
......#oo#### #.......
......#..# #.....
......##.# #....
..o...##.. #...
.o....##..#


You could see 2 orc wizards and 4 orcs.

Vanquished Creatures
  A phantom (D:4)
  An ogre (D:4)
  A big kobold (D:3)
  A scorpion (D:4)
  A centaur skeleton (D:4)
  2 hounds (D:4)
  An orc wizard (D:4)
  4 adders
  A giant gecko (D:4)
  2 orcs (D:4)
  2 ball pythons
  2 gnoll zombies (D:2)
  4 hobgoblins
  4 jackals (D:2)
  A quokka (D:2)
  6 bats
  4 giant cockroaches
  6 giant newts (D:1)
  9 goblins
  A jackal skeleton (D:4)
  6 kobolds
  A quokka skeleton (D:4)
  5 rats (D:2)
66 creatures vanquished.

Notes
Turn   | Place    | Note
--------------------------------------------------------------
     0 | D:1      | Geeful the Gargoyle Wanderer began the quest for the Orb.
     0 | D:1      | Geeful set off with: a +2 dagger, a scroll of fear, a +0 hand crossbow, 22 bolts, a +0 ring mail, a bread ration, a !bad item (cl:100,ty:0,pl:0,pl2:0,sp:0,qu:0), a !bad item (cl:100,ty:0,pl:0,pl2:0,sp:0,qu:0), a !bad item (cl:100,ty:0,pl:0,pl2:0,sp:0,qu:0), a !bad item (cl:100,ty:0,pl:0,pl2:0,sp:0,qu:0), a !bad item (cl:100,ty:0,pl:0,pl2:0,sp:0,qu:0), a !bad item (cl:100,ty:0,pl:0,pl2:0,sp:0,qu:0), a !bad item (cl:100,ty:0,pl:0,pl2:0,sp:0,qu:0), a !bad item (cl:100,ty:0,pl:0,pl2:0,sp:0,qu:0), a !bad item (cl:100,ty:0,pl:0,pl2:0,sp:0,qu:0), a !bad item (cl:100,ty:0,pl:0,pl2:0,sp:0,qu:0), a !bad item (cl:100,ty:0,pl:0,pl2:0,sp:0,qu:0), a !bad item (cl:100,ty:0,pl:0,pl2:0,sp:0,qu:0), a !bad item (cl:100,ty:0,pl:0,pl2:0,sp:0,qu:0), a !bad item (cl:100,ty:0,pl:0,pl2:0,sp:0,qu:0), a !bad item (cl:100,ty:0,pl:0,pl2:0,sp:0,qu:0), a !bad item (cl:100,ty:0,pl:0,pl2:0,sp:0,qu:0), a !bad item (cl:100,ty:0,pl:0,pl2:0,sp:0,qu:0), a !bad item (cl:100,ty:0,pl:0,pl2:0,sp:0,qu:0), a !bad item (cl:100,ty:0,pl:0,pl2:0,sp:0,qu:0), a !bad item (cl:100,ty:0,pl:0,pl2:0,sp:0,qu:0), a !bad item (cl:100,ty:0,pl:0,pl2:0,sp:0,qu:0), a !bad item (cl:100,ty:0,pl:0,pl2:0,sp:0,qu:0), a !bad item (cl:100,ty:0,pl:0,pl2:0,sp:0,qu:0), a !bad item (cl:100,ty:0,pl:0,pl2:0,sp:0,qu:0), a !bad item (cl:100,ty:0,pl:0,pl2:0,sp:0,qu:0), a !bad item (cl:100,ty:0,pl:0,pl2:0,sp:0,qu:0), a !bad item (cl:100,ty:0,pl:0,pl2:0,sp:0,qu:0), a !bad item (cl:100,ty:0,pl:0,pl2:0,sp:0,qu:0), a !bad item (cl:100,ty:0,pl:0,pl2:0,sp:0,qu:0), a !bad item (cl:100,ty:0,pl:0,pl2:0,sp:0,qu:0), a !bad item (cl:100,ty:0,pl:0,pl2:0,sp:0,qu:0), a !bad item (cl:100,ty:0,pl:0,pl2:0,sp:0,qu:0), a !bad item (cl:100,ty:0,pl:0,pl2:0,sp:0,qu:0), a !bad item (cl:100,ty:0,pl:0,pl2:0,sp:0,qu:0), a !bad item (cl:100,ty:0,pl:0,pl2:0,sp:0,qu:0), a !bad item (cl:100,ty:0,pl:0,pl2:0,sp:0,qu:0), a !bad item (cl:100,ty:0,pl:0,pl2:0,sp:0,qu:0), a !bad item (cl:100,ty:0,pl:0,pl2:0,sp:0,qu:0), a !bad item (cl:100,ty:0,pl:0,pl2:0,sp:0,qu:0), a !bad item (cl:100,ty:0,pl:0,pl2:0,sp:0,qu:0), a !bad item (cl:100,ty:0,pl:0,pl2:0,sp:0,qu:0), a !bad item (cl:100,ty:0,pl:0,pl2:0,sp:0,qu:0), a !bad item (cl:100,ty:0,pl:0,pl2:0,sp:0,qu:0), a !bad item (cl:100,ty:0,pl:0,pl2:0,sp:0,qu:0), a !bad item (cl:100,ty:0,pl:0,pl2:0,sp:0,qu:0), a !bad item (cl:100,ty:0,pl:0,pl2:0,sp:0,qu:0)
     0 | D:1      | Reached XP level 1. HP: 16/16 MP: 1/1
    80 | D:1      | Reached skill level 1 in Unarmed Combat
   184 | D:1      | Reached XP level 2. HP: 10/20 MP: 2/2
   734 | D:2      | Reached XP level 3. HP: 9/24 MP: 3/3
  1148 | D:2      | Found a stormy altar of Qazlal.
  1158 | D:2      | Became a worshipper of Qazlal Stormbringer
  1351 | D:2      | Reached XP level 4. HP: 30/30 MP: 4/4
  1406 | D:2      | Found a basalt altar of Yredelemnul.
  1460 | D:2      | Found a deep blue altar of Sif Muna.
  1526 | D:2      | Found a bloodstained altar of Trog.
  2005 | D:3      | Noticed a big kobold
  2036 | D:3      | Killed a big kobold
  2036 | D:3      | Reached XP level 5. HP: 24/34 MP: 5/5
  2120 | D:3      | Found a snail-covered altar of Cheibriados.
  2322 | D:4      | Noticed a phantom
  2413 | D:4      | Killed a phantom
  2413 | D:4      | Reached skill level 5 in Unarmed Combat
  2413 | D:4      | Reached XP level 6. HP: 8/39 MP: 6/6
  2683 | D:4      | Acquired Qazlal's first power
  2683 | D:4      | Reached skill level 6 in Unarmed Combat
  2761 | D:4      | Got a pair of transparent gloves
  2770 | D:4      | Identified the cursed -6 pair of gloves of Xom's Brutal Revenge {MR+ Str+4} (You found it on level 4 of the Dungeon)
  2944 | D:4      | Found a snail-covered altar of Cheibriados.
  2944 | D:4      | Found a burning altar of Makhleb.
  2975 | D:4      | Noticed an ogre
  3010 | D:4      | Killed an ogre
  3056 | D:4      | Reached skill level 7 in Unarmed Combat
  3056 | D:4      | Reached XP level 7. HP: 21/44 MP: 7/7
  3077 | D:4      | Killed from afar by an orc wizard

Vault maps used:
D:1:      erik_arrival_triangle_medium
D:2:      nicolae_overflow_crystal_walls, lemuel_zombie_altar_yredelemnul,
          old_standard_altar, lemuel_doored_altar
D:3:      cheibriados_altar_1
D:4:      gammafunk_temple_overflow_wave, first_bread

Action                   |  1- 3 |  4- 6 |  7- 9 || total
-------------------------+-------+-------+-------++-------
Melee: Unarmed           |   195 |   181 |    15 ||   391
  Use: Scroll            |     6 |     1 |       ||     7
       Potion            |       |     5 |       ||     5
  Eat: Chunk             |     1 |     6 |       ||     7
